DALLAS Stars vs NEW JERSEY Devils

Created - 11 mars 2024 at 20:37

Goals
1 2 3 T
DALLAS Stars 1 1 2 4
NEW JERSEY Devils 3 2 2 7
Shots
1 2 3 T
DALLAS Stars 11 8 11 30
NEW JERSEY Devils 11 15 15 41

1st period

1. DALLAS Stars , Sonny Milano 14 (Peyton Krebs 27) at 6:00
2. NEW JERSEY Devils , Ryan Graves 14 (Andreas Athanasiou 21, J.T. Compher 20) at 10:31
3. NEW JERSEY Devils , James van Riemsdyk 4 (Jack Hughes 24, Adam Boqvist 26) at 18:44
4. NEW JERSEY Devils , Kyle Okposo 13 (Adam Boqvist 27, Bowen Byram 14) at 19:12

Penalties :
Brendan Gallagher (DAL) for Holding (Minor) at 10:38, Bowen Byram (NJD) for Tripping (Minor) at 14:32

2nd period

5. NEW JERSEY Devils , James van Riemsdyk 5 (Adam Boqvist 28, Andreas Athanasiou 22) at 2:00
6. DALLAS Stars , Brendan Gallagher 8 (Jesperi Kotkaniemi 21, Ryan Suter 22) at 13:13
7. NEW JERSEY Devils , J.T. Compher 22 (Jake Bean 15, Thomas Novak 4) at 15:52

Penalties :
J.T. Compher (NJD) for Tripping (Minor) at 0:45, Conor Timmins (DAL) for Tripping (Minor) at 0:45, Jesperi Kotkaniemi (DAL) for Diving (Minor) at 5:38

3rd period

8. DALLAS Stars , Brendan Gallagher 9 (Emil Bemstrom 11, Jesperi Kotkaniemi 22) at 8:02
9. NEW JERSEY Devils , Miles Wood 2 (Alexander Petrovic 4, Gabriel Landeskog 2) at 15:24
10. NEW JERSEY Devils , Oskar Lindblom 6 (Bowen Byram 15, Ryan Donato 12) at 18:50
11. DALLAS Stars , Sonny Milano 15 (Peyton Krebs 28, Viktor Arvidsson 21) at 19:17

Penalties :
Alexander Petrovic (NJD) for Tripping (Minor) at 12:51, Joel Armia (NJD) for Interference (Minor) at 12:57, Ryan Donato (NJD) for Hooking (Minor) at 16:01

Goalie Stats

Carter Hart (DAL), 12 saves from 14 shots - (0,857), L, 12-9-4, 16:40 minutes
Matthew Villalta (DAL), 22 saves from 27 shots - (0,815), 43:20 minutes
Jake Allen (NJD), 26 saves from 30 shots - (0,867), W, 10-11-1, 60:00 minutes

Players Stats for DALLAS Stars

Player Name              G  A  P  +/- PIM S  H  SB GA TA FO     MP     PP MP  PK MP  
------------------------------------------------------------------------------------
Alexander Radulov        0  0  0  -2  0   2  0  0  0  0  3/9    10:29   1:56   1:30 
Aliaksei Protas          0  0  0  -3  0   0  1  0  0  0  0/2    15:46   3:26   2:28 
Andreas Johnsson         0  0  0  -2  0   0  0  0  0  0  1/1     7:03   0:00   0:00 
Brendan Gallagher        2  0  2   0  2   5  2  0  0  0  1/3    15:36   0:00   0:18 
Cal Clutterbuck          0  0  0  -2  0   0  1  0  0  0  0/0     7:03   0:00   0:00 
Conor Timmins            0  0  0  -1  2   0  3  1  0  0  0/0    21:37   1:56   1:46 
Emil Bemstrom            0  1  1   1  0   0  0  0  0  0  1/2    18:22   2:37   0:31 
Jesperi Kotkaniemi       0  2  2   1  2   4  2  0  0  0  18/26  18:39   3:26   0:00 
Juuso Valimaki           0  0  0   0  0   2  3  1  0  0  0/0    24:01   4:07   1:28 
Marc-Edouard Vlasic      0  0  0  -1  0   1  0  0  0  0  0/0    21:05   0:00   2:12 
Nicklas Backstrom        0  0  0  -3  0   1  0  0  0  0  1/2     9:52   0:00   0:00 
Patrik Nemeth            0  0  0  -1  0   1  2  1  0  0  0/0    12:53   0:00   0:18 
Paul Cotter              0  0  0  -3  0   2  1  0  0  0  8/17   12:20   0:00   2:28 
Peyton Krebs             0  2  2   1  0   2  7  1  0  0  14/27  20:27   2:37   0:00 
Ryan Suter               0  1  1  -1  0   1  2  1  0  0  0/0    22:38   4:07   0:00 
Sean Walker              0  0  0  -2  0   0  2  2  0  0  0/0    15:49   0:00   2:12 
Sonny Milano             2  0  2   2  0   6  0  0  0  0  1/4    20:06   2:37   0:41 
Viktor Arvidsson         0  1  1   2  0   3  1  0  0  0  0/1    20:14   3:26   0:00 

Players Stats for NEW JERSEY Devils

Player Name              G  A  P  +/- PIM S  H  SB GA TA FO     MP     PP MP  PK MP  
------------------------------------------------------------------------------------
Adam Boqvist             0  3  3   1  0   0  2  1  0  0  0/0    23:31   2:07   3:01 
Alexander Petrovic       0  1  1   4  2   1  5  0  0  0  0/0    18:10   2:07   0:27 
Andreas Athanasiou       0  2  2   3  0   7  1  0  0  0  2/3    18:00   1:54   0:01 
Bowen Byram              0  2  2   0  2   3  2  0  0  0  0/0    23:23   1:51   2:35 
Chris Wideman            0  0  0  -1  0   0  4  2  0  0  0/0    17:32   0:00   2:08 
Connor Brown             0  0  0   1  0   0  0  0  0  0  0/1     5:13   0:00   0:00 
Gabriel Landeskog        0  1  1   1  0   0  0  0  0  0  0/0     5:13   0:00   0:00 
J.T. Compher             1  1  2   2  2   4  2  0  0  0  12/18  15:33   0:00   0:11 
Jack Hughes              0  1  1  -1  0   3  2  1  0  0  21/45  24:54   2:04   4:53 
Jake Bean                0  1  1   2  0   0  0  1  0  0  0/0    11:26   0:00   0:00 
James van Riemsdyk       2  0  2   0  0   4  0  0  0  0  0/1    20:21   2:04   0:55 
Joel Armia               0  0  0   0  2   1  1  0  0  0  0/0    12:38   1:54   0:00 
Kyle Okposo              1  0  1  -1  0   3  7  2  0  0  0/3    23:18   2:04   3:17 
Miles Wood               1  0  1   1  0   1  0  0  0  0  1/3     5:13   0:00   0:00 
Oskar Lindblom           1  0  1   0  0   2  0  0  0  0  1/3    13:33   1:54   0:55 
Ryan Donato              0  1  1   0  2   2  0  1  0  0  7/15   10:43   0:00   0:00 
Ryan Graves              1  0  1   0  0   3  1  6  0  0  0/0    25:56   1:51   3:55 
Thomas Novak             0  1  1   2  0   7  0  0  0  0  2/2    15:23   0:00   0:00 

3 Stars

1 - Adam Boqvist (NJD)
2 - James van Riemsdyk (NJD)
3 - Sonny Milano (DAL)

Power Play

DALLAS Stars - 0 on 4 Attempt(s) - 0,00%
NEW JERSEY Devils - 0 on 2 Attempt(s) - 0,00%

Penalty Kill

DALLAS Stars - 2 on 2 Attempt(s) - 100,00% - Score 0 goal in Penalty Kill
NEW JERSEY Devils - 4 on 4 Attempt(s) - 100,00% - Score 0 goal in Penalty Kill

Team Stat

DALLAS Stars - Hits : 27 - Faceoff Wins : 48 - Blocked Shots : 7 - Penalty Minutes : 6
NEW JERSEY Devils - Hits : 27 - Faceoff Wins : 46 - Blocked Shots : 14 - Penalty Minutes : 10

Official

Referees : Jordan Samuels-Thomas and Corey Syvret
Linesman : Kyle Flemington and Caleb Apperson

Game Notes

Carter Hart enters game at 19:12 of 1st period
Matthew Villalta enters game at 15:52 of 2nd period

Finance

Level 1 -- Attendance: 4599 (65,70%) -- Ticket Income $459,900
Level 2 -- Attendance: 5388 (76,97%) -- Ticket Income $290,952
Level 3 -- Attendance: 2745 (54,90%) -- Ticket Income $57,645
Level 4 -- Attendance: 3904 (78,08%) -- Ticket Income $78,080
Luxury Box -- Attendance: 1058 (88,17%) -- Ticket Income $179,860
Game was played at the Prudential Center.
Total Attendance: 17694 (70,21%)
Total Ticket Income: $1,066,437
Other Income: $266,609
Total Income: $1,333,046

DALLAS Stars

5 vs 5 Forward 
   Center                   Left Wing                Right Wing               Time % Phy DF OF 
 1 Peyton Krebs             Viktor Arvidsson         Sonny Milano             35     1   2  2  
 2 Jesperi Kotkaniemi       Emil Bemstrom            Brendan Gallagher        30     1   2  2  
 3 Paul Cotter              Nicklas Backstrom        Aliaksei Protas          20     1   2  2  
 4 Alexander Radulov        Andreas Johnsson         Cal Clutterbuck          15     1   2  2  

5 vs 5 Defense 
   Defense                  Defense                                           Time % Phy DF OF 
 1 Juuso Valimaki           Ryan Suter                                        40     1   1  3  
 2 Marc-Edouard Vlasic      Conor Timmins                                     30     1   2  2  
 3 Sean Walker              Patrik Nemeth                                     20     2   2  1  
 4 Conor Timmins            Marc-Edouard Vlasic                               10     1   2  2  

PowerPlay Forward 
   Center                   Left Wing                Right Wing               Time % Phy DF OF 
 1 Jesperi Kotkaniemi       Viktor Arvidsson         Aliaksei Protas          60     1   2  2  
 2 Peyton Krebs             Sonny Milano             Emil Bemstrom            40     1   2  2  

PowerPlay Defense
   Defense                  Defense                                           Time % Phy DF OF 
 1 Juuso Valimaki           Ryan Suter                                        60     1   2  2  
 2 Alexander Radulov        Conor Timmins                                     40     1   1  3  

Penalty Kill 4 Players Forward 
   Center                   Wing                     Time % Phy DF OF 
 1 Paul Cotter              Aliaksei Protas          60     1   2  2  
 2 Sonny Milano             Brendan Gallagher        40     1   2  2  

Penalty Kill 4 Players Defense
   Defense                  Defense                  Time % Phy DF OF 
 1 Marc-Edouard Vlasic      Sean Walker              60     1   2  2  
 2 Conor Timmins            Juuso Valimaki           40     1   2  2  

Penalty Kill - 3 Players Forward 
   Forward                                           Time % Phy DF OF 
 1 Paul Cotter                                       60     1   2  2  
 2 Cal Clutterbuck                                   40     1   2  2  

Penalty Kill - 3 Players Defense
   Defense                  Defense                  Time % Phy DF OF 
 1 Marc-Edouard Vlasic      Ryan Suter               60     1   2  2  
 2 Sean Walker              Juuso Valimaki           40     1   2  2  

4 vs 4 Forward 
   Center                   Wing                     Time % Phy DF OF 
 1 Jesperi Kotkaniemi       Emil Bemstrom            60     1   2  2  
 2 Peyton Krebs             Brendan Gallagher        40     1   2  2  

4 vs 4 Defense
   Defense                  Defense                  Time % Phy DF OF 
 1 Marc-Edouard Vlasic      Juuso Valimaki           60     1   2  2  
 2 Conor Timmins            Ryan Suter               40     1   2  2  

Last Minutes Offensive
   Center                   Left Wing                Right Wing               Defense                  Defense                  
   Peyton Krebs             Jesperi Kotkaniemi       Aliaksei Protas          Conor Timmins            Juuso Valimaki           

Last Minutes Defensive
   Center                   Left Wing                Right Wing               Defense                  Defense                  
   Paul Cotter              Aliaksei Protas          Cal Clutterbuck          Marc-Edouard Vlasic      Ryan Suter               

Goaltenders
Starting : Matthew Villalta         
Backup : Carter Hart              

Extra Forwards
Normal : Aliaksei Protas, Peyton Krebs, Alexander Radulov - PP : Aliaksei Protas, Peyton Krebs - PK : Alexander Radulov
Extra Defensemen
Normal : Sean Walker, Juuso Valimaki, Conor Timmins - PP : Sean Walker - PK : Juuso Valimaki, Conor Timmins
Penalty Shots
Viktor Arvidsson, Jesperi Kotkaniemi, Sonny Milano, Nicklas Backstrom, Peyton Krebs

Scratches
Zach Senyshyn (Healthy)

NEW JERSEY Devils

5 vs 5 Forward 
   Center                   Left Wing                Right Wing               Time % Phy DF OF 
 1 Jack Hughes              James van Riemsdyk       Kyle Okposo              40     1   2  2  
 2 J.T. Compher             Thomas Novak             Andreas Athanasiou       30     1   2  2  
 3 Ryan Donato              Oskar Lindblom           Joel Armia               20     1   2  2  
 4 Miles Wood               Gabriel Landeskog        Connor Brown             10     1   2  2  

5 vs 5 Defense 
   Defense                  Defense                                           Time % Phy DF OF 
 1 Adam Boqvist             Bowen Byram                                       40     2   2  1  
 2 Chris Wideman            Ryan Graves                                       30     2   2  1  
 3 Jake Bean                Alexander Petrovic                                20     2   2  1  
 4 Ryan Graves              Alexander Petrovic                                10     1   2  2  

PowerPlay Forward 
   Center                   Left Wing                Right Wing               Time % Phy DF OF 
 1 Jack Hughes              James van Riemsdyk       Kyle Okposo              60     1   2  2  
 2 Oskar Lindblom           Joel Armia               Andreas Athanasiou       40     1   2  2  

PowerPlay Defense
   Defense                  Defense                                           Time % Phy DF OF 
 1 Ryan Graves              Bowen Byram                                       60     1   2  2  
 2 Adam Boqvist             Alexander Petrovic                                40     1   2  2  

Penalty Kill 4 Players Forward 
   Center                   Wing                     Time % Phy DF OF 
 1 Jack Hughes              Kyle Okposo              60     1   2  2  
 2 Oskar Lindblom           James van Riemsdyk       40     1   2  2  

Penalty Kill 4 Players Defense
   Defense                  Defense                  Time % Phy DF OF 
 1 Ryan Graves              Bowen Byram              60     1   2  2  
 2 Adam Boqvist             Chris Wideman            40     1   2  2  

Penalty Kill - 3 Players Forward 
   Forward                                           Time % Phy DF OF 
 1 Jack Hughes                                       60     1   2  2  
 2 Kyle Okposo                                       40     1   2  2  

Penalty Kill - 3 Players Defense
   Defense                  Defense                  Time % Phy DF OF 
 1 Ryan Graves              Bowen Byram              60     1   2  2  
 2 Adam Boqvist             Chris Wideman            40     1   2  2  

4 vs 4 Forward 
   Center                   Wing                     Time % Phy DF OF 
 1 Jack Hughes              Kyle Okposo              60     1   2  2  
 2 Andreas Athanasiou       James van Riemsdyk       40     1   2  2  

4 vs 4 Defense
   Defense                  Defense                  Time % Phy DF OF 
 1 Ryan Graves              Bowen Byram              60     1   2  2  
 2 Adam Boqvist             Alexander Petrovic       40     1   2  2  

Last Minutes Offensive
   Center                   Left Wing                Right Wing               Defense                  Defense                  
   Jack Hughes              James van Riemsdyk       Kyle Okposo              Ryan Graves              Bowen Byram              

Last Minutes Defensive
   Center                   Left Wing                Right Wing               Defense                  Defense                  
   Jack Hughes              James van Riemsdyk       Kyle Okposo              Ryan Graves              Bowen Byram              

Goaltenders
Starting : Jake Allen               
Backup : Antti Raanta             

Extra Forwards
Normal : Jack Hughes, Oskar Lindblom, Joel Armia - PP : Kyle Okposo, Oskar Lindblom - PK : Joel Armia
Extra Defensemen
Normal : Chris Wideman, Alexander Petrovic, Adam Boqvist - PP : Chris Wideman - PK : Alexander Petrovic, Adam Boqvist
Penalty Shots
Jack Hughes, Kyle Okposo, Joel Armia, James van Riemsdyk, Oskar Lindblom

Scratches
Dustin Tokarski (Healthy)

% Time on Ice - DALLAS Stars

Lines # - Real PCT - Wanted PCT - Time Play
Normal Forward
1 - 35% - 35% - 16:48
2 - 30% - 30% - 14:17
3 - 21% - 20% - 9:52
4 - 15% - 15% - 7:03
Normal Defense
1 - 36% - 40% - 17:29
2 - 31% - 30% - 14:43
3 - 26% - 20% - 12:35
4 - 7% - 10% - 3:13
PP Forward
1 - 57% - 60% - 3:26
2 - 43% - 40% - 2:37
PP Defense
1 - 68% - 60% - 4:07
2 - 32% - 40% - 1:56
PK Forward
1 - 75% - 60% - 2:59
2 - 25% - 40% - 0:59
PK Defense
1 - 55% - 60% - 2:12
2 - 45% - 40% - 1:46
PK3 Forward
1 - 0% - 60%
2 - 0% - 40%
PK3 Defense
1 - 0% - 60%
2 - 0% - 40%
44 Forward
1 - 48% - 60% - 0:57
2 - 52% - 40% - 1:02
44 Defense
1 - 48% - 60% - 0:57
2 - 52% - 40% - 1:02
Last Minute Offensive  - 0:00
Last Minute Defensive  - 0:00
Total
Forward - 60:00
Defense - 60:00

% Time on Ice - NEW JERSEY Devils

Lines # - Real PCT - Wanted PCT - Time Play
Normal Forward
1 - 35% - 40% - 16:40
2 - 32% - 30% - 15:23
3 - 22% - 20% - 10:44
4 - 11% - 10% - 5:13
Normal Defense
1 - 37% - 40% - 17:41
2 - 32% - 30% - 15:24
3 - 24% - 20% - 11:26
4 - 7% - 10% - 3:29
PP Forward
1 - 52% - 60% - 2:04
2 - 48% - 40% - 1:54
PP Defense
1 - 47% - 60% - 1:51
2 - 53% - 40% - 2:07
PK Forward
1 - 78% - 60% - 3:15
2 - 22% - 40% - 0:55
PK Defense
1 - 60% - 60% - 2:31
2 - 40% - 40% - 1:39
PK3 Forward
1 - 97% - 60% - 1:50
2 - 3% - 40% - 0:03
PK3 Defense
1 - 74% - 60% - 1:24
2 - 26% - 40% - 0:29
44 Forward
1 - 65% - 60% - 1:17
2 - 35% - 40% - 0:42
44 Defense
1 - 65% - 60% - 1:17
2 - 35% - 40% - 0:42
Last Minute Offensive  - 0:00
Last Minute Defensive  - 0:00
Total
Forward - 60:00
Defense - 60:00

Play-by-Play

1st period


0:01 of 1st period - Peyton Krebs wins face-off versus Jack Hughes in neutral zone.
0:47 of 1st period - Juuso Valimaki is hit by Kyle Okposo and loses puck.
1:13 of 1st period - Off-side.
1:14 of 1st period - J.T. Compher wins face-off versus Paul Cotter in neutral zone.
1:56 of 1st period - Shot by Thomas Novak.
1:56 of 1st period - Shot Misses the Net.
2:43 of 1st period - Jake Bean is hit by Jesperi Kotkaniemi and loses puck.
4:18 of 1st period - Ryan Graves is hit by Cal Clutterbuck and loses puck.
4:29 of 1st period - Shot by Ryan Graves.
4:29 of 1st period - Shot Misses the Net.
4:42 of 1st period - Shot by Viktor Arvidsson.
4:42 of 1st period - Shot Misses the Net.
4:50 of 1st period - Shot by Viktor Arvidsson.
4:50 of 1st period - Shot Misses the Net.
4:56 of 1st period - Shot by Viktor Arvidsson.
4:56 of 1st period - Stopped by Jake Allen without a rebound.
4:57 of 1st period - Jesperi Kotkaniemi wins face-off versus J.T. Compher in NEW JERSEY Devils zone.
4:57 of 1st period - Marc-Edouard Vlasic is hit by Alexander Petrovic and loses puck.
5:18 of 1st period - Shot by J.T. Compher.
5:18 of 1st period - Stopped by Matthew Villalta with a rebound.
5:33 of 1st period - J.T. Compher is hit by Brendan Gallagher and loses puck.
6:00 of 1st period - Shot by Sonny Milano.
6:00 of 1st period - Goal by Sonny Milano - DALLAS Stars : 1 - NEW JERSEY Devils : 0.
6:01 of 1st period - Peyton Krebs wins face-off versus Miles Wood in neutral zone.
6:14 of 1st period - Shot by Peyton Krebs.
6:14 of 1st period - Stopped by Jake Allen with a rebound.
6:21 of 1st period - Adam Boqvist is hit by Sean Walker and loses puck.
6:34 of 1st period - Shot by Viktor Arvidsson.
6:34 of 1st period - Deflect By Sonny Milano.
6:34 of 1st period - Stopped by Jake Allen without a rebound.
6:35 of 1st period - Jack Hughes wins face-off versus Paul Cotter in NEW JERSEY Devils zone.
7:00 of 1st period - Shot by Alexander Petrovic.
7:00 of 1st period - Stopped by Matthew Villalta with a rebound.
7:21 of 1st period - Icing by Juuso Valimaki.
7:22 of 1st period - Paul Cotter wins face-off versus Ryan Donato in DALLAS Stars zone.
7:24 of 1st period - Icing by Juuso Valimaki.
7:25 of 1st period - Ryan Donato wins face-off versus Paul Cotter in DALLAS Stars zone.
7:34 of 1st period - Shot by Ryan Donato.
7:34 of 1st period - Shot Misses the Net.
8:08 of 1st period - Shot by Ryan Donato.
8:08 of 1st period - Stopped by Matthew Villalta without a rebound.
8:09 of 1st period - J.T. Compher wins face-off versus Jesperi Kotkaniemi in DALLAS Stars zone.
8:12 of 1st period - Shot by J.T. Compher.
8:12 of 1st period - Shot Hit the Post.
8:32 of 1st period - Shot by Jesperi Kotkaniemi.
8:32 of 1st period - Shot Blocked by Chris Wideman.
8:34 of 1st period - Shot by Patrik Nemeth.
8:34 of 1st period - Stopped by Jake Allen with a rebound.
8:48 of 1st period - Shot by Thomas Novak.
8:48 of 1st period - Stopped by Matthew Villalta without a rebound.
8:49 of 1st period - Jack Hughes wins face-off versus Peyton Krebs in DALLAS Stars zone.
8:56 of 1st period - Icing by Conor Timmins.
8:57 of 1st period - Jack Hughes wins face-off versus Viktor Arvidsson in DALLAS Stars zone.
9:07 of 1st period - Sonny Milano is hit by Kyle Okposo and loses puck.
9:11 of 1st period - Conor Timmins is hit by Kyle Okposo and loses puck.
9:44 of 1st period - Peyton Krebs is hit by Kyle Okposo and loses puck.
10:17 of 1st period - Shot by Andreas Athanasiou.
10:17 of 1st period - Stopped by Matthew Villalta without a rebound.
10:18 of 1st period - J.T. Compher wins face-off versus Alexander Radulov in DALLAS Stars zone.
10:18 of 1st period - Ryan Graves is hit by Patrik Nemeth and loses puck.
10:25 of 1st period - Shot by Andreas Athanasiou.
10:25 of 1st period - Shot Misses the Net.
10:29 of 1st period - Shot by Andreas Athanasiou.
10:29 of 1st period - Shot Misses the Net.
10:31 of 1st period - Shot by Ryan Graves.
10:31 of 1st period - Goal by Ryan Graves - DALLAS Stars : 1 - NEW JERSEY Devils : 1.
10:32 of 1st period - Jesperi Kotkaniemi wins face-off versus Ryan Donato in neutral zone.
10:38 of 1st period - Minor Penalty to Brendan Gallagher for Holding.
10:39 of 1st period - Paul Cotter wins face-off versus Oskar Lindblom in DALLAS Stars zone.
10:46 of 1st period - Shot by Marc-Edouard Vlasic.
10:46 of 1st period - Stopped by Jake Allen with a rebound.
11:17 of 1st period - Shot by Joel Armia.
11:17 of 1st period - Stopped by Matthew Villalta with a rebound.
11:40 of 1st period - Icing by Kyle Okposo.
11:41 of 1st period - Jack Hughes wins face-off versus Paul Cotter in NEW JERSEY Devils zone.
11:41 of 1st period - Jack Hughes is hit by Aliaksei Protas.
12:56 of 1st period - Shot by Emil Bemstrom.
12:56 of 1st period - Shot Misses the Net.
13:21 of 1st period - Chris Wideman is hit by Brendan Gallagher and loses puck.
13:41 of 1st period - Icing by Jake Bean.
13:42 of 1st period - Thomas Novak wins face-off versus Peyton Krebs in NEW JERSEY Devils zone.
13:58 of 1st period - Shot by Andreas Athanasiou.
13:58 of 1st period - Shot Misses the Net.
14:08 of 1st period - Shot by Thomas Novak.
14:08 of 1st period - Shot Misses the Net.
14:10 of 1st period - Shot by J.T. Compher.
14:10 of 1st period - Shot Misses the Net.
14:12 of 1st period - Shot by Jake Bean.
14:12 of 1st period - Shot Blocked by Peyton Krebs.
14:14 of 1st period - Shot by Andreas Athanasiou.
14:14 of 1st period - Stopped by Matthew Villalta without a rebound.
14:15 of 1st period - Nicklas Backstrom wins face-off versus Jack Hughes in DALLAS Stars zone.
14:15 of 1st period - Nicklas Backstrom is hit by Kyle Okposo.
14:32 of 1st period - Minor Penalty to Bowen Byram for Tripping.
14:33 of 1st period - Jesperi Kotkaniemi wins face-off versus Jack Hughes in NEW JERSEY Devils zone.
15:06 of 1st period - Shot by Jesperi Kotkaniemi.
15:06 of 1st period - Stopped by Jake Allen without a rebound.
15:07 of 1st period - Jack Hughes wins face-off versus Sonny Milano in NEW JERSEY Devils zone.
15:12 of 1st period - Ryan Suter is hit by Kyle Okposo and loses puck.
15:25 of 1st period - Shot by Juuso Valimaki.
15:25 of 1st period - Stopped by Jake Allen without a rebound.
15:26 of 1st period - Peyton Krebs wins face-off versus James van Riemsdyk in NEW JERSEY Devils zone.
15:37 of 1st period - Shot by Peyton Krebs.
15:37 of 1st period - Stopped by Jake Allen without a rebound.
15:38 of 1st period - Jesperi Kotkaniemi wins face-off versus Jack Hughes in NEW JERSEY Devils zone.
16:51 of 1st period - Cal Clutterbuck is hit by Alexander Petrovic and loses puck.
17:00 of 1st period - Shot by Alexander Radulov.
17:00 of 1st period - Shot Misses the Net.
17:02 of 1st period - Shot by Cal Clutterbuck.
17:02 of 1st period - Shot Blocked by Jake Bean.
17:04 of 1st period - Shot by Patrik Nemeth.
17:04 of 1st period - Shot Misses the Net.
17:10 of 1st period - Shot by Alexander Radulov.
17:10 of 1st period - Stopped by Jake Allen without a rebound.
17:11 of 1st period - Ryan Donato wins face-off versus Peyton Krebs in NEW JERSEY Devils zone.
17:32 of 1st period - Shot by Sonny Milano.
17:32 of 1st period - Shot Misses the Net.
17:34 of 1st period - Shot by Peyton Krebs.
17:34 of 1st period - Shot Blocked by Ryan Donato.
17:36 of 1st period - Shot by Viktor Arvidsson.
17:36 of 1st period - Shot Blocked by Ryan Graves.
18:01 of 1st period - Icing by Ryan Donato.
18:02 of 1st period - Emil Bemstrom wins face-off versus Ryan Donato in NEW JERSEY Devils zone.
18:26 of 1st period - Off-side.
18:27 of 1st period - Paul Cotter wins face-off versus Jack Hughes in neutral zone.
18:44 of 1st period - Shot by James van Riemsdyk.
18:44 of 1st period - Goal by James van Riemsdyk - DALLAS Stars : 1 - NEW JERSEY Devils : 2.
18:45 of 1st period - Jesperi Kotkaniemi wins face-off versus J.T. Compher in neutral zone.
18:52 of 1st period - Shot by Jesperi Kotkaniemi.
18:52 of 1st period - Deflect By Brendan Gallagher.
18:52 of 1st period - Stopped by Jake Allen without a rebound.
18:53 of 1st period - Paul Cotter wins face-off versus Kyle Okposo in NEW JERSEY Devils zone.
18:53 of 1st period - Ryan Suter is hit by Bowen Byram and loses puck.
19:01 of 1st period - Bowen Byram is hit by Paul Cotter and loses puck.
19:12 of 1st period - Shot by Kyle Okposo.
19:12 of 1st period - Goal by Kyle Okposo - DALLAS Stars : 1 - NEW JERSEY Devils : 3.
19:12 of 1st period - Carter Hart enters game.
19:13 of 1st period - J.T. Compher wins face-off versus Peyton Krebs in neutral zone.
19:20 of 1st period - Shot by Andreas Athanasiou.
19:20 of 1st period - Shot Misses the Net.
19:44 of 1st period - Shot by J.T. Compher.
19:44 of 1st period - Stopped by Carter Hart without a rebound.
19:45 of 1st period - Jesperi Kotkaniemi wins face-off versus Jack Hughes in DALLAS Stars zone.
Goals for this period are 1 for DALLAS Stars vs 3 for NEW JERSEY Devils.
Shots for this period are 11 for DALLAS Stars vs 11 for NEW JERSEY Devils.

2nd period


0:01 of 2nd period - Peyton Krebs wins face-off versus Jack Hughes in neutral zone.
0:04 of 2nd period - Adam Boqvist is hit by Peyton Krebs and loses puck.
0:13 of 2nd period - Shot by Sonny Milano.
0:13 of 2nd period - Shot Misses the Net.
0:15 of 2nd period - Shot by Ryan Suter.
0:15 of 2nd period - Shot Misses the Net.
0:17 of 2nd period - Shot by Juuso Valimaki.
0:17 of 2nd period - Stopped by Jake Allen without a rebound.
0:18 of 2nd period - J.T. Compher wins face-off versus Jesperi Kotkaniemi in NEW JERSEY Devils zone.
0:30 of 2nd period - J.T. Compher is hit by Conor Timmins and loses puck.
0:40 of 2nd period - Andreas Athanasiou is hit by Conor Timmins and loses puck.
0:45 of 2nd period - Shot by Andreas Athanasiou.
0:45 of 2nd period - Stopped by Carter Hart without a rebound.
0:45 of 2nd period - Minor Penalty to J.T. Compher for Tripping.
0:45 of 2nd period - Minor Penalty to Conor Timmins for Tripping.
0:46 of 2nd period - Jesperi Kotkaniemi wins face-off versus Jack Hughes in DALLAS Stars zone.
2:00 of 2nd period - Shot by James van Riemsdyk.
2:00 of 2nd period - Goal by James van Riemsdyk - DALLAS Stars : 1 - NEW JERSEY Devils : 4.
2:01 of 2nd period - Jack Hughes wins face-off versus Peyton Krebs in neutral zone.
3:16 of 2nd period - Shot by Paul Cotter.
3:16 of 2nd period - Stopped by Jake Allen without a rebound.
3:17 of 2nd period - J.T. Compher wins face-off versus Alexander Radulov in NEW JERSEY Devils zone.
3:24 of 2nd period - Shot by Andreas Athanasiou.
3:24 of 2nd period - Stopped by Carter Hart without a rebound.
3:25 of 2nd period - Thomas Novak wins face-off versus Alexander Radulov in DALLAS Stars zone.
3:35 of 2nd period - J.T. Compher is hit by Sean Walker.
3:42 of 2nd period - Off-side.
3:43 of 2nd period - Peyton Krebs wins face-off versus Jack Hughes in neutral zone.
3:50 of 2nd period - Shot by Sonny Milano.
3:50 of 2nd period - Stopped by Jake Allen without a rebound.
3:51 of 2nd period - Peyton Krebs wins face-off versus Jack Hughes in NEW JERSEY Devils zone.
4:15 of 2nd period - Shot by Kyle Okposo.
4:15 of 2nd period - Deflect By Jack Hughes.
4:15 of 2nd period - Shot Misses the Net.
4:31 of 2nd period - Shot by Jack Hughes.
4:31 of 2nd period - Shot Misses the Net.
4:33 of 2nd period - Shot by Chris Wideman.
4:33 of 2nd period - Shot Blocked by Juuso Valimaki.
5:01 of 2nd period - Shot by J.T. Compher.
5:01 of 2nd period - Shot Misses the Net.
5:32 of 2nd period - Jake Bean is hit by Viktor Arvidsson and loses puck.
5:38 of 2nd period - Minor Penalty to Jesperi Kotkaniemi for Diving.
5:39 of 2nd period - Jack Hughes wins face-off versus Paul Cotter in DALLAS Stars zone.
5:40 of 2nd period - Shot by Ryan Graves.
5:40 of 2nd period - Stopped by Carter Hart without a rebound.
5:41 of 2nd period - Jack Hughes wins face-off versus Paul Cotter in DALLAS Stars zone.
6:16 of 2nd period - Shot by Kyle Okposo.
6:16 of 2nd period - Shot Blocked by Sean Walker.
6:18 of 2nd period - Shot by Bowen Byram.
6:18 of 2nd period - Stopped by Carter Hart without a rebound.
6:19 of 2nd period - Paul Cotter wins face-off versus Oskar Lindblom in DALLAS Stars zone.
6:58 of 2nd period - Shot by Alexander Radulov.
6:58 of 2nd period - Shot Blocked by Adam Boqvist.
7:39 of 2nd period - Shot by Ryan Graves.
7:39 of 2nd period - Stopped by Carter Hart without a rebound.
7:40 of 2nd period - Jesperi Kotkaniemi wins face-off versus Miles Wood in DALLAS Stars zone.
7:54 of 2nd period - Shot by Jesperi Kotkaniemi.
7:54 of 2nd period - Shot Blocked by Ryan Graves.
8:34 of 2nd period - Bowen Byram is hit by Peyton Krebs and loses puck.
8:56 of 2nd period - Shot by Bowen Byram.
8:56 of 2nd period - Shot Misses the Net.
8:58 of 2nd period - Shot by James van Riemsdyk.
8:58 of 2nd period - Stopped by Carter Hart without a rebound.
8:59 of 2nd period - J.T. Compher wins face-off versus Paul Cotter in DALLAS Stars zone.
9:03 of 2nd period - Icing by Juuso Valimaki.
9:04 of 2nd period - Andreas Athanasiou wins face-off versus Paul Cotter in DALLAS Stars zone.
9:04 of 2nd period - Andreas Athanasiou is hit by Ryan Suter.
9:37 of 2nd period - Andreas Athanasiou is hit by Ryan Suter.
9:57 of 2nd period - Sean Walker is hit by J.T. Compher and loses puck.
10:29 of 2nd period - Shot by James van Riemsdyk.
10:29 of 2nd period - Shot Blocked by Sean Walker.
10:42 of 2nd period - Shot by Bowen Byram.
10:42 of 2nd period - Stopped by Carter Hart without a rebound.
10:43 of 2nd period - Ryan Donato wins face-off versus Brendan Gallagher in DALLAS Stars zone.
10:46 of 2nd period - Shot by Ryan Donato.
10:46 of 2nd period - Shot Misses the Net.
10:55 of 2nd period - Icing by Ryan Graves.
10:56 of 2nd period - Peyton Krebs wins face-off versus Ryan Donato in NEW JERSEY Devils zone.
12:04 of 2nd period - Icing by Ryan Graves.
12:05 of 2nd period - Paul Cotter wins face-off versus Ryan Donato in NEW JERSEY Devils zone.
12:26 of 2nd period - Shot by Paul Cotter.
12:26 of 2nd period - Stopped by Jake Allen without a rebound.
12:27 of 2nd period - Jesperi Kotkaniemi wins face-off versus Kyle Okposo in NEW JERSEY Devils zone.
12:46 of 2nd period - Shot by Jack Hughes.
12:46 of 2nd period - Stopped by Carter Hart without a rebound.
12:47 of 2nd period - J.T. Compher wins face-off versus Peyton Krebs in DALLAS Stars zone.
12:56 of 2nd period - Shot by Andreas Athanasiou.
12:56 of 2nd period - Shot Misses the Net.
12:58 of 2nd period - Shot by Thomas Novak.
12:58 of 2nd period - Stopped by Carter Hart without a rebound.
12:59 of 2nd period - Jack Hughes wins face-off versus Jesperi Kotkaniemi in DALLAS Stars zone.
12:59 of 2nd period - Jack Hughes is hit by Juuso Valimaki.
13:13 of 2nd period - Shot by Brendan Gallagher.
13:13 of 2nd period - Goal by Brendan Gallagher - DALLAS Stars : 2 - NEW JERSEY Devils : 4.
13:14 of 2nd period - J.T. Compher wins face-off versus Aliaksei Protas in neutral zone.
13:23 of 2nd period - Shot by J.T. Compher.
13:23 of 2nd period - Stopped by Carter Hart with a rebound.
13:33 of 2nd period - Shot by Paul Cotter.
13:33 of 2nd period - Deflect By Nicklas Backstrom.
13:33 of 2nd period - Shot Misses the Net.
13:41 of 2nd period - Shot by Andreas Athanasiou.
13:41 of 2nd period - Shot Misses the Net.
14:38 of 2nd period - Conor Timmins is hit by Bowen Byram.
14:46 of 2nd period - Icing by Nicklas Backstrom.
14:47 of 2nd period - Ryan Donato wins face-off versus Paul Cotter in DALLAS Stars zone.
15:22 of 2nd period - Shot by Ryan Donato.
15:22 of 2nd period - Shot Blocked by Conor Timmins.
15:30 of 2nd period - Shot by Oskar Lindblom.
15:30 of 2nd period - Stopped by Carter Hart without a rebound.
15:31 of 2nd period - J.T. Compher wins face-off versus Jesperi Kotkaniemi in DALLAS Stars zone.
15:31 of 2nd period - Andreas Athanasiou is hit by Juuso Valimaki and loses puck.
15:46 of 2nd period - Shot by J.T. Compher.
15:46 of 2nd period - Shot Misses the Net.
15:48 of 2nd period - Shot by J.T. Compher.
15:48 of 2nd period - Shot Misses the Net.
15:50 of 2nd period - Shot by Jake Bean.
15:50 of 2nd period - Shot Blocked by Ryan Suter.
15:52 of 2nd period - Shot by J.T. Compher.
15:52 of 2nd period - Goal by J.T. Compher - DALLAS Stars : 2 - NEW JERSEY Devils : 5.
15:52 of 2nd period - Matthew Villalta enters game.
15:53 of 2nd period - Sonny Milano wins face-off versus Jack Hughes in neutral zone.
15:58 of 2nd period - Patrik Nemeth is hit by Kyle Okposo and loses puck.
16:33 of 2nd period - Shot by Jack Hughes.
16:33 of 2nd period - Stopped by Matthew Villalta with a rebound.
16:43 of 2nd period - Adam Boqvist is hit by Peyton Krebs and loses puck.
17:00 of 2nd period - Icing by Ryan Suter.
17:01 of 2nd period - Jesperi Kotkaniemi wins face-off versus Andreas Athanasiou in DALLAS Stars zone.
17:27 of 2nd period - Shot by Thomas Novak.
17:27 of 2nd period - Deflect By Andreas Athanasiou.
17:27 of 2nd period - Stopped by Matthew Villalta without a rebound.
17:28 of 2nd period - Andreas Johnsson wins face-off versus Ryan Donato in DALLAS Stars zone.
17:33 of 2nd period - Juuso Valimaki is hit by Joel Armia and loses puck.
17:40 of 2nd period - Shot by Andreas Johnsson.
17:40 of 2nd period - Shot Misses the Net.
17:42 of 2nd period - Shot by Cal Clutterbuck.
17:42 of 2nd period - Shot Misses the Net.
17:44 of 2nd period - Shot by Alexander Radulov.
17:44 of 2nd period - Stopped by Jake Allen with a rebound.
17:46 of 2nd period - Shot by Alexander Radulov.
17:46 of 2nd period - Shot Blocked by Ryan Graves.
18:27 of 2nd period - Andreas Athanasiou is hit by Peyton Krebs and loses puck.
19:04 of 2nd period - Jesperi Kotkaniemi is hit by Alexander Petrovic and loses puck.
19:23 of 2nd period - Shot by Jesperi Kotkaniemi.
19:23 of 2nd period - Stopped by Jake Allen without a rebound.
19:24 of 2nd period - Paul Cotter wins face-off versus Jack Hughes in NEW JERSEY Devils zone.
19:25 of 2nd period - Shot by Aliaksei Protas.
19:25 of 2nd period - Deflect By Nicklas Backstrom.
19:25 of 2nd period - Stopped by Jake Allen without a rebound.
19:26 of 2nd period - Alexander Radulov wins face-off versus Jack Hughes in NEW JERSEY Devils zone.
19:29 of 2nd period - Shot by Alexander Radulov.
19:29 of 2nd period - Shot Blocked by Kyle Okposo.
19:32 of 2nd period - Icing by Adam Boqvist.
19:33 of 2nd period - Jesperi Kotkaniemi wins face-off versus Kyle Okposo in NEW JERSEY Devils zone.
19:38 of 2nd period - Shot by Brendan Gallagher.
19:38 of 2nd period - Shot Blocked by Kyle Okposo.
Goals for this period are 1 for DALLAS Stars vs 2 for NEW JERSEY Devils.
Shots for this period are 8 for DALLAS Stars vs 15 for NEW JERSEY Devils.

3rd period


0:01 of 3rd period - Jack Hughes wins face-off versus Jesperi Kotkaniemi in neutral zone.
0:16 of 3rd period - Shot by Kyle Okposo.
0:16 of 3rd period - Stopped by Matthew Villalta without a rebound.
0:17 of 3rd period - Peyton Krebs wins face-off versus J.T. Compher in DALLAS Stars zone.
1:18 of 3rd period - Shot by Brendan Gallagher.
1:18 of 3rd period - Shot Misses the Net.
1:20 of 3rd period - Shot by Juuso Valimaki.
1:20 of 3rd period - Shot Misses the Net.
1:22 of 3rd period - Shot by Emil Bemstrom.
1:22 of 3rd period - Shot Misses the Net.
1:24 of 3rd period - Shot by Ryan Suter.
1:24 of 3rd period - Shot Blocked by Ryan Graves.
1:34 of 3rd period - Shot by Jesperi Kotkaniemi.
1:34 of 3rd period - Deflect By Brendan Gallagher.
1:34 of 3rd period - Stopped by Jake Allen without a rebound.
1:35 of 3rd period - Alexander Radulov wins face-off versus Jack Hughes in NEW JERSEY Devils zone.
2:14 of 3rd period - Shot by James van Riemsdyk.
2:14 of 3rd period - Stopped by Matthew Villalta without a rebound.
2:15 of 3rd period - Brendan Gallagher wins face-off versus Connor Brown in DALLAS Stars zone.
2:23 of 3rd period - Ryan Suter is hit by Chris Wideman and loses puck.
2:46 of 3rd period - Ryan Suter is hit by Chris Wideman and loses puck.
3:37 of 3rd period - Shot by Ryan Donato.
3:37 of 3rd period - Stopped by Matthew Villalta with a rebound.
3:39 of 3rd period - Shot by Bowen Byram.
3:39 of 3rd period - Stopped by Matthew Villalta without a rebound.
3:40 of 3rd period - Paul Cotter wins face-off versus Jack Hughes in DALLAS Stars zone.
4:06 of 3rd period - Icing by Jack Hughes.
4:07 of 3rd period - Jack Hughes wins face-off versus Peyton Krebs in NEW JERSEY Devils zone.
4:07 of 3rd period - Jake Bean is hit by Peyton Krebs and loses puck.
4:16 of 3rd period - Viktor Arvidsson is hit by Jack Hughes and loses puck.
4:25 of 3rd period - Shot by Jack Hughes.
4:25 of 3rd period - Stopped by Matthew Villalta without a rebound.
4:26 of 3rd period - Alexander Radulov wins face-off versus J.T. Compher in DALLAS Stars zone.
4:26 of 3rd period - Alexander Radulov is hit by Andreas Athanasiou.
4:52 of 3rd period - Shot by Thomas Novak.
4:52 of 3rd period - Stopped by Matthew Villalta without a rebound.
4:53 of 3rd period - Peyton Krebs wins face-off versus Ryan Donato in DALLAS Stars zone.
5:04 of 3rd period - Shot by Viktor Arvidsson.
5:04 of 3rd period - Shot Blocked by Ryan Graves.
5:07 of 3rd period - Icing by Chris Wideman.
5:08 of 3rd period - Jesperi Kotkaniemi wins face-off versus Ryan Donato in NEW JERSEY Devils zone.
5:58 of 3rd period - Icing by Bowen Byram.
5:59 of 3rd period - Peyton Krebs wins face-off versus Jack Hughes in NEW JERSEY Devils zone.
6:01 of 3rd period - Sonny Milano is hit by Adam Boqvist.
7:08 of 3rd period - Shot by Nicklas Backstrom.
7:08 of 3rd period - Shot Misses the Net.
7:10 of 3rd period - Shot by Patrik Nemeth.
7:10 of 3rd period - Shot Misses the Net.
7:12 of 3rd period - Shot by Paul Cotter.
7:12 of 3rd period - Shot Misses the Net.
7:58 of 3rd period - Shot by Brendan Gallagher.
7:58 of 3rd period - Stopped by Jake Allen with a rebound.
8:02 of 3rd period - Shot by Brendan Gallagher.
8:02 of 3rd period - Goal by Brendan Gallagher - DALLAS Stars : 3 - NEW JERSEY Devils : 5.
8:03 of 3rd period - Andreas Athanasiou wins face-off versus Alexander Radulov in neutral zone.
8:58 of 3rd period - Conor Timmins is hit by Alexander Petrovic and loses puck.
9:02 of 3rd period - Viktor Arvidsson is hit by Alexander Petrovic and loses puck.
9:40 of 3rd period - Off-side.
9:41 of 3rd period - Miles Wood wins face-off versus Brendan Gallagher in neutral zone.
10:31 of 3rd period - Shot by Andreas Athanasiou.
10:31 of 3rd period - Shot Blocked by Patrik Nemeth.
10:33 of 3rd period - Shot by Andreas Athanasiou.
10:33 of 3rd period - Stopped by Matthew Villalta without a rebound.
10:34 of 3rd period - Ryan Donato wins face-off versus Aliaksei Protas in DALLAS Stars zone.
10:49 of 3rd period - Shot by Adam Boqvist.
10:49 of 3rd period - Shot Misses the Net.
11:33 of 3rd period - Off-side.
11:34 of 3rd period - Jack Hughes wins face-off versus Alexander Radulov in neutral zone.
11:44 of 3rd period - Icing by Marc-Edouard Vlasic.
11:45 of 3rd period - J.T. Compher wins face-off versus Alexander Radulov in DALLAS Stars zone.
11:46 of 3rd period - Shot by Thomas Novak.
11:46 of 3rd period - Stopped by Matthew Villalta without a rebound.
11:47 of 3rd period - Jack Hughes wins face-off versus Peyton Krebs in DALLAS Stars zone.
11:47 of 3rd period - Kyle Okposo is hit by Conor Timmins and loses puck.
11:51 of 3rd period - Icing by Marc-Edouard Vlasic.
11:52 of 3rd period - Peyton Krebs wins face-off versus Jack Hughes in DALLAS Stars zone.
12:12 of 3rd period - Viktor Arvidsson is hit by Chris Wideman and loses puck.
12:51 of 3rd period - Minor Penalty to Alexander Petrovic for Tripping.
12:52 of 3rd period - Jack Hughes wins face-off versus Jesperi Kotkaniemi in NEW JERSEY Devils zone.
12:52 of 3rd period - Jack Hughes is hit by Jesperi Kotkaniemi.
12:57 of 3rd period - Minor Penalty to Joel Armia for Interference.
12:58 of 3rd period - Jack Hughes wins face-off versus Jesperi Kotkaniemi in NEW JERSEY Devils zone.
13:08 of 3rd period - Shot by Viktor Arvidsson.
13:08 of 3rd period - Stopped by Jake Allen without a rebound.
13:09 of 3rd period - Peyton Krebs wins face-off versus Jack Hughes in NEW JERSEY Devils zone.
13:23 of 3rd period - Icing by Sonny Milano.
13:24 of 3rd period - Jack Hughes wins face-off versus Peyton Krebs in DALLAS Stars zone.
13:30 of 3rd period - Off-side.
13:31 of 3rd period - Jesperi Kotkaniemi wins face-off versus Jack Hughes in neutral zone.
13:31 of 3rd period - Jesperi Kotkaniemi is hit by Jack Hughes.
13:48 of 3rd period - Icing by Jesperi Kotkaniemi.
13:49 of 3rd period - Jesperi Kotkaniemi wins face-off versus Jack Hughes in DALLAS Stars zone.
13:51 of 3rd period - Icing by Conor Timmins.
13:52 of 3rd period - Jesperi Kotkaniemi wins face-off versus Jack Hughes in DALLAS Stars zone.
14:03 of 3rd period - Shot by Jesperi Kotkaniemi.
14:03 of 3rd period - Shot Misses the Net.
14:05 of 3rd period - Shot by Jesperi Kotkaniemi.
14:05 of 3rd period - Stopped by Jake Allen without a rebound.
14:06 of 3rd period - Peyton Krebs wins face-off versus Jack Hughes in NEW JERSEY Devils zone.
14:07 of 3rd period - Shot by Juuso Valimaki.
14:07 of 3rd period - Shot Blocked by Chris Wideman.
14:09 of 3rd period - Shot by Ryan Suter.
14:09 of 3rd period - Shot Blocked by Jack Hughes.
14:11 of 3rd period - Shot by Peyton Krebs.
14:11 of 3rd period - Deflect By Sonny Milano.
14:11 of 3rd period - Stopped by Jake Allen without a rebound.
14:12 of 3rd period - Jack Hughes wins face-off versus Jesperi Kotkaniemi in NEW JERSEY Devils zone.
14:40 of 3rd period - Shot by Jesperi Kotkaniemi.
14:40 of 3rd period - Stopped by Jake Allen with a rebound.
15:12 of 3rd period - Shot by Connor Brown.
15:12 of 3rd period - Shot Misses the Net.
15:14 of 3rd period - Shot by Connor Brown.
15:14 of 3rd period - Shot Misses the Net.
15:16 of 3rd period - Shot by Gabriel Landeskog.
15:16 of 3rd period - Shot Misses the Net.
15:24 of 3rd period - Shot by Miles Wood.
15:24 of 3rd period - Goal by Miles Wood - DALLAS Stars : 3 - NEW JERSEY Devils : 6.
15:25 of 3rd period - J.T. Compher wins face-off versus Peyton Krebs in neutral zone.
15:30 of 3rd period - Shot by Thomas Novak.
15:30 of 3rd period - Stopped by Matthew Villalta without a rebound.
15:31 of 3rd period - Jesperi Kotkaniemi wins face-off versus J.T. Compher in DALLAS Stars zone.
15:37 of 3rd period - Ryan Graves is hit by Patrik Nemeth and loses puck.
15:52 of 3rd period - Shot by Thomas Novak.
15:52 of 3rd period - Stopped by Matthew Villalta without a rebound.
15:53 of 3rd period - Ryan Donato wins face-off versus Peyton Krebs in DALLAS Stars zone.
16:01 of 3rd period - Minor Penalty to Ryan Donato for Hooking.
16:02 of 3rd period - Jack Hughes wins face-off versus Emil Bemstrom in NEW JERSEY Devils zone.
16:02 of 3rd period - Kyle Okposo is hit by Peyton Krebs.
16:11 of 3rd period - Icing by Ryan Suter.
16:12 of 3rd period - Jack Hughes wins face-off versus Peyton Krebs in DALLAS Stars zone.
16:32 of 3rd period - Ryan Suter is hit by Chris Wideman and loses puck.
16:49 of 3rd period - Shot by Ryan Suter.
16:49 of 3rd period - Stopped by Jake Allen with a rebound.
16:51 of 3rd period - Shot by Ryan Suter.
16:51 of 3rd period - Shot Misses the Net.
16:53 of 3rd period - Shot by Sonny Milano.
16:53 of 3rd period - Stopped by Jake Allen without a rebound.
16:54 of 3rd period - Jesperi Kotkaniemi wins face-off versus Jack Hughes in NEW JERSEY Devils zone.
16:54 of 3rd period - Jesperi Kotkaniemi is hit by Ryan Graves.
17:19 of 3rd period - Shot by Aliaksei Protas.
17:19 of 3rd period - Shot Blocked by Ryan Graves.
17:21 of 3rd period - Shot by Viktor Arvidsson.
17:21 of 3rd period - Stopped by Jake Allen without a rebound.
17:22 of 3rd period - Oskar Lindblom wins face-off versus Sonny Milano in NEW JERSEY Devils zone.
17:22 of 3rd period - Oskar Lindblom is hit by Peyton Krebs.
17:33 of 3rd period - Icing by Ryan Suter.
17:34 of 3rd period - Peyton Krebs wins face-off versus Jack Hughes in DALLAS Stars zone.
17:51 of 3rd period - Oskar Lindblom is hit by Juuso Valimaki and loses puck.
18:07 of 3rd period - Shot by Paul Cotter.
18:07 of 3rd period - Shot Misses the Net.
18:38 of 3rd period - Icing by Nicklas Backstrom.
18:39 of 3rd period - Ryan Donato wins face-off versus Nicklas Backstrom in DALLAS Stars zone.
18:50 of 3rd period - Shot by Oskar Lindblom.
18:50 of 3rd period - Goal by Oskar Lindblom - DALLAS Stars : 3 - NEW JERSEY Devils : 7.
18:51 of 3rd period - Jack Hughes wins face-off versus Peyton Krebs in neutral zone.
19:01 of 3rd period - Shot by Jack Hughes.
19:01 of 3rd period - Deflect By Kyle Okposo.
19:01 of 3rd period - Stopped by Matthew Villalta with a rebound.
19:03 of 3rd period - Shot by Chris Wideman.
19:03 of 3rd period - Shot Misses the Net.
19:17 of 3rd period - Shot by Peyton Krebs.
19:17 of 3rd period - Deflect By Sonny Milano.
19:17 of 3rd period - Goal by Sonny Milano - DALLAS Stars : 4 - NEW JERSEY Devils : 7.
19:18 of 3rd period - Jesperi Kotkaniemi wins face-off versus J.T. Compher in neutral zone.
19:18 of 3rd period - Sean Walker is hit by J.T. Compher.
19:29 of 3rd period - Jesperi Kotkaniemi is hit by Adam Boqvist and loses puck.
19:50 of 3rd period - Shot by Andreas Athanasiou.
19:50 of 3rd period - Stopped by Matthew Villalta with a rebound.
19:52 of 3rd period - Shot by Thomas Novak.
19:52 of 3rd period - Stopped by Matthew Villalta without a rebound.
19:53 of 3rd period - Jack Hughes wins face-off versus Sonny Milano in DALLAS Stars zone.
Goals for this period are 2 for DALLAS Stars vs 2 for NEW JERSEY Devils.
Shots for this period are 11 for DALLAS Stars vs 15 for NEW JERSEY Devils. Output by the SimonT Hockey Simulator (STHS) for Martin Benoit - Original Page W3C HTML5 Valid
Hockey Simulator - Hockey Simulation - Hockey Manager